 Dungeon Crawl Stone Soup version 0.29.1-2-gbd0b4ee654 (webtiles) character file.

Game seed: 10621224425430119341

12903 GorkyZ the Fighter (level 12, -6/105 HPs)
             Began as a Hill Orc Fighter on Nov 17, 2022.
             Was a Priest of Nemelex Xobeh.
             Mangled by Erica
             ... wielding a +2 scimitar of flaming
              (14 damage)
             ... on level 11 of the Dungeon.
             The game lasted 01:26:14 (13288 turns).

GorkyZ the Fighter (Hill Orc Fighter)              Turns: 13288, Time: 01:26:15

Health: -6/105     AC: 21    Str: 24    XL:     12   Next: 0%
Magic:  18/18      EV: 11    Int: 12    God:    Nemelex Xobeh [***...]
Gold:   1387       SH: 11    Dex: 10    Spells: 11/11 levels left

rFire   + . .      SeeInvis .   b - +4 flail (protect)
rCold   + . .      Faith    .   M - +0 buckler {AC+3}
rNeg    + . .      Spirit   .   t - +6 scale mail "Pugouph" {*Corrode rC+ rN+ Int+4}
rPois   .          Reflect  +   y - +0 helmet
rElec   .          Harm     .   H - +0 cloak
rCorr   .          Rampage  .   A - +0 pair of gloves
Will    +....                   (no boots)
Stlth   ..........              E - amulet of reflection
HPRegen 0.27/turn               B - ring of willpower
MPRegen 0.16/turn               (no ring)

@: unable to read
A: fire resistance 1, inability to read after injury 1
a: Renounce Religion, Draw Escape, Draw Destruction, Draw Summoning, Triple Draw


You were on level 11 of the Dungeon.
You worshipped Nemelex Xobeh.
Nemelex Xobeh was most pleased with you.
You visited 2 branches of the dungeon, and saw 12 of its levels.

You collected 1522 gold pieces.
You spent 135 gold pieces at shops.

Inventory:

Hand Weapons
 b - a +4 flail of protection (weapon)
 i - a +0 war axe
 k - a +0 flail of protection
 v - a +0 morningstar of draining
 z - a +6 mace
 I - a +5 flail
 N - the +8 arbalest of Aloemnaf {elec, rElec rN+ Dex-3}
   (You found it on level 10 of the Dungeon)

   Any ammunition fired from it occasionally discharges a powerful burst of
   electricity upon striking a foe.
   Dex:       It affects your dexterity (-3).
   rElec:     It insulates you from electricity.
   rN:        It protects you from negative energy.
Missiles
 n - 15 poisoned darts (quivered)
 p - a curare-tipped dart
 G - 5 boomerangs
Armour
 a - a -2 chain mail of willpower
 l - a +1 chain mail of poison resistance
 t - the +6 scale mail "Pugouph" (worn) {*Corrode rC+ rN+ Int+4}
   (You found it on level 5 of the Dungeon)

   Int:       It affects your intelligence (+4).
   rC:        It protects you from cold.
   rN:        It protects you from negative energy.
   *Corrode:  It may corrode you when you take damage.
 y - a +0 helmet (worn)
 A - a +0 pair of gloves (worn)
 F - a +4 ring mail of fire resistance
 H - a +0 cloak (worn)
 M - a +0 buckler of protection (worn)
 O - a +2 chain mail of fire resistance
Jewellery
 m - a ring of fire
 B - a ring of willpower (left hand)
 E - an amulet of reflection (around neck)
 K - an amulet of guardian spirit
Wands
 c - a wand of acid (7)
 u - a wand of digging (2)
 w - a wand of flame (15)
 x - a wand of charming (36)
Scrolls
 j - 11 scrolls of identify
 o - a scroll of magic mapping
 q - 2 scrolls of teleportation
 r - 2 scrolls of fog
 s - a scroll of blinking
 C - a scroll of enchant weapon
 L - a scroll of noise
Potions
 d - 6 potions of might
 e - 5 potions of degeneration
 f - 6 potions of curing
 g - a potion of lignification
 h - a potion of berserk rage
 J - 2 potions of haste


   Skills:
 + Level 9.6 Fighting
 + Level 8.4 Maces & Flails
 + Level 0.3 Ranged Weapons
 - Level 5.6 Throwing
 + Level 8.8 Armour
 + Level 6.0 Dodging
 + Level 8.7 Shields
 - Level 2.0 Unarmed Combat
 + Level 8.6 Invocations


You had 11 spell levels left.
You didn't know any spells.
Your spell library contained the following spells:

 Spells                   Type           Power      Damage    Failure   Level
 Freeze                   Ice            0%         1d3       65%         1
 Dazzling Flash           Conj/Hex       0%         N/A       95%         3
 Frozen Ramparts          Ice            0%         1d1       95%         3
 Portal Projectile        Hex/Tloc       0%         N/A       95%         3
 Tukima's Dance           Hex            0%         N/A       95%         3
 Corpse Rot               Necr/Pois/Air  0%         N/A       100%        4
 Dispel Undead            Necr           0%         3d6       100%        4
 Hailstorm                Conj/Ice       0%         3d3       100%        4
 Ice Form                 Ice/Tmut       0%         N/A       100%        4
 Iskenderun's Mystic Bla  Conj/Tloc      0%         2d3       100%        4
 Passage of Golubria      Tloc           0%         N/A       100%        4
 Summon Ice Beast         Ice/Summ       0%         N/A       100%        4
 Blade Hands              Tmut           0%         N/A       100%        5
 Summon Mana Viper        Hex/Summ       0%         N/A       100%        5
 Yara's Violent Unravell  Hex/Tmut       0%         3d3       100%        5
 Death Channel            Necr           0%         N/A       100%        6
 Starburst                Conj/Fire      0%         6d3       100%        6
 Monstrous Menagerie      Summ           0%         N/A       100%        7


Dungeon Overview and Level Annotations

Branches:
Dungeon (11/15)            Temple (1/1) D:7            Lair (0/5) D:8
    Orc: D:9-12

Altars:
Ashenzari
Cheibriados
Dithmenos
Elyvilon
Fedhas
Gozag
Hepliaklqana
Kikubaaqudgha
Makhleb
Nemelex Xobeh
Okawaru
Qazlal
Ru
Sif Muna
Trog
Uskayaw
Vehumet
Wu Jian
Xom
Yredelemnul
Zin
The Shining One

Shops:
D:10 [

Annotations:
D:9 exclusion: 2 oklob saplings
D:11 Erica


Innate Abilities, Weirdness & Mutations

Your flesh is heat resistant. (rF+)
You occasionally lose the ability to read scrolls when taking damage.


Message History

You have reached level 12!
Something hits you! Something burns you.
You closely miss something. Something hits you!! Something burns you.
You sock something! Something hits you! Something burns you.
You barely miss something. Something hits you!
* * * LOW HITPOINT WARNING * * *
Something burns you.
* * * LOW HITPOINT WARNING * * *
You sock something! You block something's attack.
You hit something. Something hits you!
You feel threatened and lose the ability to read scrolls!
* * * LOW HITPOINT WARNING * * *
Something burns you.
* * * LOW HITPOINT WARNING * * *
You feel much better. Something hits you but does no damage.
You hit something. Something hits you.
* * * LOW HITPOINT WARNING * * *
Something burns you.
* * * LOW HITPOINT WARNING * * *
You sock something! Something hits you!
* * * LOW HITPOINT WARNING * * *
You barely miss something. Something hits you but does no damage.
You barely miss something. Something hits you but does no damage.
You sock something! Something hits you but does no damage.
You miss something.
You hear some strange, mumbled words.
Something tries to affect you, but you resist.
You hit something. Something hits you but does no damage.
You completely miss something.
You can read scrolls again.
Something hits you!
You feel threatened and lose the ability to read scrolls!
* * * LOW HITPOINT WARNING * * *
Something burns you.
* * * LOW HITPOINT WARNING * * *
You draw a card...
You have drawn Exile.
Something hits you but does no damage.
You draw a card...
You have drawn the Tomb.
Walls emerge from the floor!
Something hits you!
You die...
Your body glows slightly and disappears.

##.## ...# #.############
###...### .. #............#
##.......# #. #.##########.#
##<.......# #. #.# #.#
#..Y......# #.##.##########.###
#..##...### #..............#..#
#..# ...#
#.#.......############..######
#^...####......#@.YY.....# #..#.#
############.#...###### #..#.#
#.####.#........# #..#.#
#.##...)...####.###
#....##########.#....###.....>...
#.##......<.....#..### ######.###
..##.############..# #.# ####.#
#########.[# #.# #.# #..........#
#.#


You could see 2 yaks.

Vanquished Creatures
  A tengu warrior (D:8)
  5 two-headed ogres
  A deep elf pyromancer (D:11)
  A cyclops (D:10)
  2 trolls (D:11)
  A hornet (D:9)
  A shadow (D:10)
  19 yaks
  Eustachio (D:5)
  3 water moccasins
  An ice beast (D:4)
  A sky beast (D:8)
  2 orc warriors (D:9)
  2 black bears (D:6)
  4 centaurs
  A phantom (D:6)
  The ghost of GeoRichter the Gusty, an amateur TeAE (D:4)
  2 kobold brigands
  5 bullfrogs
  A necrophage (D:4)
  3 scorpions
  13 wights
  4 killer bees (D:9)
  7 howler monkeys
  An electric eel (D:9)
  A jelly (D:6)
  3 orc priests
  5 hounds
  A water moccasin simulacrum (D:4)
  A gnoll bouda (D:9)
  Terence (D:3)
  3 orc wizards
  6 iguanas
  A human simulacrum (D:11)
  5 gnolls
  13 adders
  3 white imps
  An ufetubus (D:4)
  A worm (D:3)
  4 dart slugs
  2 adder simulacra (D:4)
  27 orcs
  6 bats
  6 endoplasms
  2 giant cockroaches (D:1)
  8 goblins
  4 hobgoblins
  12 jackals
  7 quokkas
  13 ball pythons
  6 frilled lizards
  16 kobolds
  8 rats
249 creatures vanquished.

Vanquished Creatures (collateral kills)
  Urug (D:11)
  A cyclops (D:11)
  A human simulacrum (D:11)
3 creatures vanquished.

Vanquished Creatures (others)
  18 plants
18 creatures vanquished.

Grand Total: 270 creatures vanquished

Notes
Turn   | Place    | Note
-------+----------+-------------------------------------------
     0 | D:1      | GorkyZ the Hill Orc Fighter began the quest for the Orb.
     0 | D:1      | Reached XP level 1. HP: 19/19 MP: 1/1
    43 | D:1      | Reached XP level 2. HP: 3/27 MP: 2/2
    46 | D:1      | HP: 1/27 [jackal (1)]
   555 | D:1      | Reached XP level 3. HP: 33/33 MP: 3/3
   609 | D:1      | Reached skill level 4 in Fighting
  1222 | D:2      | Found a faded altar of an unknown god.
  1304 | D:2      | Reached skill level 1 in Dodging
  1408 | D:2      | Reached XP level 4. HP: 40/40 MP: 4/4
  1744 | D:3      | Noticed Terence
  1755 | D:3      | Killed Terence
  1756 | D:3      | Reached XP level 5. HP: 30/47 MP: 5/5
  2465 | D:4      | Found a sparkling altar of Nemelex Xobeh.
  2490 | D:4      | Reached XP level 6. HP: 47/55 MP: 6/6
  2622 | D:4      | Became a worshipper of Nemelex Xobeh the Trickster
  2667 | D:4      | Reached skill level 5 in Fighting
  2777 | D:4      | Found a hazy altar of Hepliaklqana.
  2873 | D:4      | Noticed GeoRichter's ghost (amateur TeAE)
  2873 | D:4      | Noticed an ice beast
  2904 | D:4      | Found a runed translucent gate.
  2904 | D:4      | Found a runed translucent gate.
  2904 | D:4      | Found a runed translucent gate.
  2928 | D:4      | Gained mutation: You passively map a small area around you.
                  | [potion of mutation]
  2928 | D:4      | Gained mutation: You are robust. (+10% HP) [potion of
                  | mutation]
  2928 | D:4      | Gained mutation: You have large cloven feet. [potion of
                  | mutation]
  2965 | D:4      | Killed an ice beast
  2966 | D:4      | Reached XP level 7. HP: 59/67 MP: 7/7
  2973 | D:4      | Killed GeoRichter's ghost
  2974 | D:4      | Reached skill level 1 in Invocations
  3202 | D:4      | Identified a scroll of acquirement
  3414 | D:4      | Reached skill level 5 in Armour
  3432 | D:4      | Reached skill level 1 in Throwing
  3567 | D:5      | Entered Level 5 of the Dungeon
  3568 | D:5      | Found a blossoming altar of Fedhas.
  3609 | D:5      | Reached skill level 5 in Shields
  3635 | D:5      | Reached * piety under Nemelex Xobeh
  3881 | D:5      | Noticed Eustachio
  3913 | D:5      | Killed Eustachio
  3914 | D:5      | Reached XP level 8. HP: 60/77 MP: 9/9
  4000 | D:5      | Found a shimmering altar of Xom.
  4129 | D:5      | Found a hide-covered altar of Uskayaw.
  4133 | D:5      | Found an ornate altar of the Wu Jian Council.
  4136 | D:5      | Found a basalt altar of Yredelemnul.
  4136 | D:5      | Found an ancient bone altar of Kikubaaqudgha.
  4186 | D:5      | Lost mutation: You have large cloven feet. [potion of
                  | mutation]
  4186 | D:5      | Lost mutation: You passively map a small area around you.
                  | [potion of mutation]
  4186 | D:5      | Lost mutation: You are robust. (+10% HP) [potion of
                  | mutation]
  4186 | D:5      | Gained mutation: You occasionally lose the ability to read
                  | scrolls when taking damage. [potion of mutation]
  4186 | D:5      | Gained mutation: Your flesh is heat resistant. (rF+)
                  | [potion of mutation]
  4187 | D:5      | Received a gift from Nemelex Xobeh
  4356 | D:5      | Identified the +6 scale mail "Pugouph" {*Corrode rC+ rN+
                  | Int+4}
  4925 | D:6      | Reached skill level 6 in Fighting
  4998 | D:6      | Reached ** piety under Nemelex Xobeh
  5133 | D:6      | Reached skill level 5 in Maces & Flails
  5148 | D:6      | Noticed a yak
  5149 | D:6      | Noticed a yak
  5149 | D:6      | Noticed a yak
  5163 | D:6      | Noticed a yak
  5165 | D:6      | Killed a yak
  5166 | D:6      | Noticed a yak
  5173 | D:6      | Killed a yak
  5174 | D:6      | Reached XP level 9. HP: 63/78 MP: 10/12
  5566 | D:6      | Acquired 912 gold pieces
  6688 | D:7      | Found a staircase to the Ecumenical Temple.
  6698 | Temple   | Entered the Ecumenical Temple
  6894 | D:7      | Reached skill level 7 in Fighting
  6895 | D:7      | Reached skill level 5 in Invocations
  7394 | D:8      | Reached XP level 10. HP: 32/79 MP: 14/14
  7884 | D:8      | Found a staircase to the Lair.
  8034 | D:8      | Noticed a two-headed ogre
  8044 | D:8      | Killed a two-headed ogre
  8460 | D:8      | Received a gift from Nemelex Xobeh
  8643 | D:8      | Noticed a tengu warrior
  8688 | D:8      | Killed a tengu warrior
  8694 | D:8      | Reached skill level 8 in Fighting
  9004 | D:8      | Reached *** piety under Nemelex Xobeh
  9045 | D:8      | Found the +18 Lear's hauberk
  9276 | D:9      | Found a radiant altar of Vehumet.
  9317 | D:9      | Noticed a two-headed ogre
  9327 | D:9      | Killed a two-headed ogre
  9510 | D:9      | Reached skill level 5 in Dodging
  9708 | D:9      | Reached skill level 5 in Throwing
  9708 | D:9      | Reached XP level 11. HP: 88/95 MP: 16/16
 10373 | D:9      | Received a gift from Nemelex Xobeh
 10576 | D:9      | Found a sacrificial altar of Ru.
 10699 | D:10     | Entered Level 10 of the Dungeon
 10699 | D:10     | Found Niydach's Antique Armour Emporium.
 10831 | D:10     | Bought a runed chain mail for 135 gold pieces
 10853 | D:10     | Noticed a two-headed ogre
 10863 | D:10     | Killed a two-headed ogre
 10864 | D:10     | Found a shimmering blue altar of Sif Muna.
 10926 | D:10     | Noticed a two-headed ogre
 10935 | D:10     | Killed a two-headed ogre
 11148 | D:10     | Reached skill level 9 in Fighting
 11202 | D:10     | Found a shadowy altar of Dithmenos.
 11406 | D:10     | Noticed a cyclops
 12169 | D:10     | Killed a cyclops
 12186 | D:10     | Identified the +8 arbalest of Aloemnaf {elec, rElec rN+
                  | Dex-3}
 12695 | D:11     | Noticed a two-headed ogre
 12701 | D:11     | Killed a two-headed ogre
 12744 | D:11     | Reached skill level 1 in Unarmed Combat
 12744 | D:11     | Noticed a deep elf pyromancer
 12752 | D:11     | Killed a deep elf pyromancer
 12815 | D:11     | Noticed a cyclops
 12822 | D:11     | Killed a cyclops
 12946 | D:11     | Noticed Urug
 12958 | D:11     | Killed Urug
 13255 | D:11     | Noticed Erica
 13270 | D:11     | Reached XP level 12. HP: 91/105 MP: 18/18
 13288 | D:11     | Mangled by Erica

Illustrated notes

Levels and vault maps discovered:
D:1:      minmay_arrival_wavy_path, layout_rooms, chequers_mini_garden
D:2:      layout_basic, hellmonk_ecumenical_altar_slurped_away
D:3:      minmay_general_purpose_star, layout_rooms, uniq_terence
D:4:      layout_rooms, mainiacjoe_overflow_alcove_4,
          mainiacjoe_overflow_cross_hatched, gammafunk_ghost_icy,
          minmay_misc_feat_roman, palyth_stone_intersect,
          kennysheep_generic_room_5
D:5:      layout_cave_pods, nicolae_overflow_hallway_of_the_gods,
          lemuel_coloured_pillars_altar, enter_ossuary_2, uniq_eustachio
D:6:      layout_basic, serial_glass, glass_columns_c, glass_columns_a
D:7:      layout_basic, temple_doors_e
D:8:      layout_basic, lair_entry_dummy, hellmonk_guarded_unrand_lears
D:9:      layout_basic, hangedman_ru_absence, nicolae_overflow_hidden_temple,
          introduction_to_nature_2
D:10:     layout_basic, nicolae_dithmenos_through_a_glass_darkly, led_sif_book,
          nicolae_stop_n_shop_2, nicolae_fountain_basement
D:11:     layout_loops_ring, library_closet, bh_circular_ruins, uniq_urug,
          uniq_erica
Temple:   zaba_magenta_temple

Skill      XL: |  1  2  3  4  5  6  7  8  9 10 11 |
---------------+----------------------------------+-----
Fighting       | 4 5 6 7 8 9 |  9.6
Dodging        | 1 2 3 4 5 6 |  6.0
Armour         | 4 5 6 7 8 |  8.8
Maces & Flails | 3 4 5 6 7 8 |  8.4
Shields        | 4 5 6 7 8 |  8.7
Invocations    | 2 4 5 7 8 |  8.6
Throwing       | 1 2 3 5 |  5.6
Unarmed Combat | 2 |  2.0
Ranged Weapons | |  0.3

Action                   |  1- 3 |  4- 6 |  7- 9 | 10-12 || total
-------------------------+-------+-------+-------+-------++-------
Melee: Flail             |   121 |       |       |   254 ||   375
       Whip              |     1 |    61 |       |       ||    62
       Morningstar       |       |    20 |       |       ||    20
       Mace              |       |    71 |   347 |   136 ||   554
       Kick              |       |     2 |    22 |       ||    24
       War axe           |       |       |       |    18 ||    18
Throw: Boomerang         |       |       |       |     1 ||     1
Invok: Draw Destruction  |       |       |       |     3 ||     3
       Triple Draw       |       |       |       |     2 ||     2
       Draw Summoning    |       |       |       |     1 ||     1
       Draw Escape       |       |       |       |     2 ||     2
Evoke: Wand              |       |       |       |     3 ||     3
  Use: Potion            |       |     5 |     7 |     3 ||    15
       Scroll            |       |     2 |     8 |    10 ||    20
Armor: Scale mail        |    77 |       |    73 |   207 ||   357
       Chain mail        |    12 |   113 |    79 |       ||   204
Dodge: Dodged            |    98 |    75 |   171 |   171 ||   515
Block: Buckler           |    40 |    49 |   185 |   214 ||   488
       Reflection        |       |       |     5 |     7 ||    12
